 Dungeon Crawl Stone Soup version 0.26.1-11-gd32895ea62 (webtiles) character file.

Game seed: 12064988347598909944

215 Arcadio the Covered (level 5, -8/45 HPs)
             Began as a Hill Orc Abyssal Knight on May 21, 2021.
             Was a Believer of Lugonu.
             Mangled by an ice beast (12 damage)
             ... on level 5 of the Dungeon.
             The game lasted 00:10:56 (6180 turns).

Arcadio the Covered (Hill Orc Abyssal Knight)       Turns: 6180, Time: 00:10:57

Health: -8/45      AC:  3    Str: 16    XL:     5   Next: 92%
Magic:  7/7        EV: 11    Int: 12    God:    Lugonu [**....]
Gold:   343        SH:  0    Dex: 10    Spells: 4/4 levels left

rFire    . . .     SeeInvis .   w - +1 flail (holy)
rCold    . . .     Faith    .   (no shield)
rNeg     . . .     Spirit   .   b - +0 leather armour
rPois    .         Reflect  .   (no helmet)
rElec    .         Harm     .   (no cloak)
rCorr    .         Rampage  .   (no gloves)
Will     .....                  (no boots)
Stlth    +.........             (no amulet)
HPRegen  0.15/turn              (no ring)
MPRegen  0.10/turn              (no ring)

@: no status effects
A: no striking features
a: Renounce Religion, Depart the Abyss, Bend Space


You were on level 5 of the Dungeon.
You worshipped Lugonu.
Lugonu was pleased with you.
You visited 1 branch of the dungeon, and saw 5 of its levels.
You visited the Abyss 1 time.

You collected 343 gold pieces.

Inventory:

Hand Weapons
 a - a +1 falchion
 w - a +1 flail of holy wrath (weapon)
Missiles
 l - 31 poisoned darts (quivered)
Armour
 b - a +0 leather armour (worn)
 p - a cursed -1 chain mail
 r - a +1 hat
Jewellery
 e - a +4 ring of evasion {unknown}
 i - an uncursed ring of magical power {unknown}
 s - an uncursed amulet of faith {unknown}
 t - an uncursed amulet of magic regeneration {unknown}
Scrolls
 h - a scroll of teleportation {unknown}
 k - a scroll of immolation {unknown}
 o - 2 scrolls of enchant armour {unknown}
 q - a scroll of noise {unknown}
 u - a scroll of amnesia {unknown}
 x - a scroll of remove curse {unknown}
Potions
 c - 2 potions of attraction
 d - a potion of curing {unknown}
 f - 2 potions of resistance
 g - a potion of degeneration {unknown}
 j - 2 potions of brilliance {unknown}
 m - 2 potions of invisibility {unknown}
 n - a potion of ambrosia {unknown}
 v - 3 potions of haste {unknown}


   Skills:
 - Level 3.6 Fighting
 - Level 4.7 Long Blades
 + Level 0.0 Maces & Flails
 + Level 4.8 Armour
 - Level 0.7 Dodging
 + Level 2.7 Invocations


You had 4 spell levels left.
You didn't know any spells.
Your spell library was empty.

Dungeon Overview and Level Annotations

Branches:
Dungeon (5/15)
 Temple: D:4-7

Altars:
Makhleb
Nemelex Xobeh

Annotations:
D:4 Sigmund


Message History

You hit the ice beast.
The ice beast is severely wounded.
The ice beast completely misses you. The ice beast hits you.
The ice beast freezes you!
You hit the ice beast but do no damage.
The ice beast is severely wounded.
The ice beast closely misses you.
You barely miss the ice beast.
The ice beast is severely wounded.
The ice beast barely misses you. x2
You hit the ice beast.
The ice beast is almost dead.
The ice beast hits you. The ice beast freezes you!
* * * LOW HITPOINT WARNING * * *
You barely miss the ice beast.
The ice beast is almost dead.
The ice beast hits you.
* * * LOW HITPOINT WARNING * * *
The ice beast freezes you!
You die...

......'...#
......###.#
#.#####(#(#######
...Y............>
........#.######.
#†.####.#.# #..# #.#.#
#..# #.#.############
#..####.#......Y@....#
#.......############.#
##.#####.......## ##.#
##..####...## .# ##.#
#..## ###..## .# .#.#
#.##### ##..##.# .#.#
#.#..)# ##..#.#
.#.###....# ##.#.#
.#.#....### #.#.#


You could see an ice beast.

Vanquished Creatures
  Jessica (D:2)
  Terence (D:1)
  6 adders
  An ooze (D:1)
  A worm (D:1)
  2 dart slugs
  A leopard gecko (D:1)
  10 orcs
  5 giant cockroaches
  2 goblins
  11 hobgoblins
  3 jackals (D:2)
  2 quokkas (D:3)
  3 ball pythons
  13 bats
  5 frilled lizards
  11 kobolds
  2 leopard gecko skeletons
  14 rats
94 creatures vanquished.

Notes
Turn   | Place    | Note
-------+----------+-------------------------------------------
     0 | Abyss:1  | Arcadio the Hill Orc Abyssal Knight began the quest for the
                  | Orb.
     0 | Abyss:1  | Reached XP level 1. HP: 19/19 MP: 2/2
    48 | Abyss:1  | Noticed a fire bat
    78 | Abyss:1  | Noticed a worldbinder
    87 | Abyss:1  | Noticed a naga
    88 | Abyss:1  | Noticed a naga
    90 | Abyss:1  | Noticed a mana viper
    95 | Abyss:1  | Noticed an iron imp
   107 | Abyss:1  | Noticed a +0 war axe of holy wrath
   117 | Abyss:1  | Noticed a ynoxinul
   122 | D:1      | Escaped the Abyss
   506 | D:1      | Reached XP level 2. HP: 24/26 MP: 3/3
   580 | D:1      | Reached * piety under Lugonu
   729 | D:1      | Reached XP level 3. HP: 23/31 MP: 4/4
  1084 | D:1      | Found a burning altar of Makhleb.
  1818 | D:2      | Noticed Terence
  1861 | D:1      | Killed Terence
  1862 | D:1      | Reached XP level 4. HP: 7/39 MP: 5/5
  2729 | D:2      | Reached ** piety under Lugonu
  2841 | D:2      | Found a sparkling altar of Nemelex Xobeh.
  2841 | D:2      | Found a burning altar of Makhleb.
  2897 | D:2      | Reached XP level 5. HP: 33/45 MP: 6/6
  3360 | D:2      | Noticed Jessica
  3370 | D:2      | Killed Jessica
  4520 | D:4      | Noticed Sigmund
  5628 | D:5      | Entered Level 5 of the Dungeon
  5722 | D:5      | Noticed an ice beast
  6180 | D:5      | Mangled by an ice beast

Illustrated notes

Levels and vault maps discovered:
D:1:      dpeg_arrival_ratfight, layout_rooms, minmay_hexomino_r4
D:2:      layout_rooms, nicolae_overflow_hidden_temple, uniq_jessica,
          uniq_terence
D:3:      layout_basic
D:4:      layout_gridville, minmay_crystal_water, uniq_sigmund
D:5:      cheibrodos_barr_body, layout_basic, gammafunk_temple_overflow_claw

Skill      XL: |  1  2  3  4 |
---------------+-------------+-----
Armour         | 3 4 |  4.8
Long Blades    | 3 4 |  4.7
Fighting       | |  3.6
Dodging        | |  0.7
Invocations    | |  2.7

Action                   |  1- 3 |  4- 6 || total
-------------------------+-------+-------++-------
Melee: Falchion          |   128 |   175 ||   303
       Flail             |       |    13 ||    13
Throw: Dart              |       |     3 ||     3
Invok: Depart the Abyss  |     1 |       ||     1
  Use: Scroll            |       |     4 ||     4
Armor: Leather armour    |    36 |    66 ||   102
Dodge: Dodged            |    77 |   148 ||   225
       Rpst.: Falchion   |    24 |    39 ||    63
